Map: World of Sleepers LE

Players

wolfsha - Winner!

  • Race: Protoss Protoss
  • League: Master
  • Spawn Location: 1:00

ZincZeppelin

  • Race: Terran Terran
  • League: Master
  • Spawn Location: 7:00

VOD

Have the link to the VOD?

Description

Time

  • Played on: Jan. 14, 2020, 1:57 p.m.
  • Length: 11:40
Show
View Real Time Build Order
Export as new Build Order

wolfsha Protoss - Winner!

Build Orders: 1 Gate Expand, Phoenix Opening, Blink Stalkers 

Get SALT Encoding   

  12  0:01  Probe  
  13  0:13  Probe  
  14  0:17  Pylon  
  14  0:25  Probe (Chrono Boost)  
  15  0:37  Probe (Chrono Boost)  
  15  0:40  Gateway  
  16  0:44  Probe (Chrono Boost)  
  16  0:46  Assimilator  
  17  0:51  Probe  
  18  1:03  Probe  
  19  1:15  Probe  
  20  1:23  Nexus  
  20  1:33  Cybernetics Core  
  20  1:35  Probe  
  21  1:43  Assimilator  
  21  1:48  Probe  
  22  1:54  Pylon  
  22  2:00  Probe  
  23  2:10  Adept (Chrono Boost), Warp Gate  
  23  2:12  Probe  
  26  2:25  Probe (Chrono Boost)  
  27  2:32  Sentry (Chrono Boost)  
  27  2:35  Probe (Chrono Boost)  
  31  2:41  Twilight Council  
  31  2:43  Probe (Chrono Boost)  
  32  2:44  Probe (Chrono Boost)  
  32  2:49  Stalker, Probe x2 (Chrono Boost)  
  35  2:58  Phoenix  
  36  3:01  Probe x2  
  38  3:12  Gateway, Blink (Chrono Boost)  
  38  3:13  Probe x2  
  38  3:14  Gateway  
  40  3:25  Probe x2  
  42  3:31  Pylon  
  42  3:35  Robotics Facility  
  42  3:37  Probe x2  
  43  3:49  Probe  
  44  4:01  Nexus  
  44  4:02  Assimilator  
  44  4:03  Stalker  
  44  4:05  Probe  
  44  4:06  Pylon  
  47  4:10  Pylon  
  47  4:16  Probe  
  48  4:24  Observer  
  48  4:25  Probe  
  48  4:28  Stalker, Probe  
  48  4:29  Stalker x2  
  57  4:37  Probe  
  58  4:40  Probe  
  59  4:52  Probe  
  60  4:53  Probe  
  60  4:55  Phoenix  
  61  5:13  Stalker x3  
  64  5:16  Probe x3  
  67  5:24  Observer  
  67  5:26  Charge (Chrono Boost)  
  69  5:28  Probe x2  
  69  5:32  Probe  
  69  5:35  Forge  
  71  5:36  Forge  
  71  5:40  Gateway x2, Probe x2  
  71  5:41  Gateway  
  73  5:44  Probe  
  73  5:45  Gateway, Observer  
  73  5:46  Gateway  
  75  5:52  Probe  
  76  5:58  Observer  
  76  6:04  Probe x3  
  78  6:11  Protoss Ground Weapons Level 1 (Chrono Boost), Protoss Ground Armor Level 1 (Chrono Boost)  
  77  6:16  Probe x2  
  77  6:17  Probe  
  77  6:18  Immortal  
  84  6:28  Probe  
  84  6:30  Pylon  
  84  6:32  Assimilator  
  85  6:33  Pylon  
  85  6:35  Assimilator  
  85  6:37  Pylon  
  85  6:41  Pylon  
  85  6:45  Probe x2  
  85  6:48  Probe  
  86  6:57  Probe  
  86  6:58  Probe  
  86  6:59  Immortal (Chrono Boost)  
  86  7:00  Probe  
  91  7:02  Zealot x8  
  91  7:05  Phoenix  
  107  7:09  Probe  
  107  7:11  Observer  
  108  7:18  Observer  
  108  7:20  Assimilator  
  108  7:24  Templar Archives  
  108  7:26  Probe x3  
  108  7:28  Zealot x2  
  108  7:29  Zealot  
  117  7:30  Pylon  
  117  7:36  Gateway  
  117  7:38  Gateway  
  117  7:48  Warp Prism  
  119  7:52  Psionic Storm  
  119  7:56  Zealot x3  
  125  8:02  Protoss Ground Weapons Level 2 (Chrono Boost)  
  125  8:03  Pylon  
  125  8:05  Pylon  
  125  8:06  Protoss Ground Armor Level 2 (Chrono Boost), Pylon x2  
  123  8:20  Stalker  
  125  8:27  Nexus  
  125  8:29  Pylon  
  125  8:31  High Templar x3, Observer  
  125  8:32  High Templar x3  
  125  8:33  Pylon  
  137  8:34  Zealot x3  
  143  8:49  Gateway  
  143  8:50  Gateway  
  143  8:52  Pylon  
  143  8:53  Pylon x2  
  142  9:06  Observer  
  142  9:07  Robotics Bay  
  143  9:13  Robotics Facility  
  143  9:15  Pylon  
  143  9:18  Pylon  
  143  9:21  Stalker x2  
  143  9:22  Stalker x3  
  153  9:27  Assimilator  
  153  9:32  Assimilator  
  153  9:44  Stalker  
  150  9:53  Probe  
  150  9:54  Probe x2  
  153  10:01  Colossus (Chrono Boost), Extended Thermal Lance (Chrono Boost)  
  153  10:02  Colossus (Chrono Boost)  
  165  10:24  Sentry  
  167  10:46  Colossus (Chrono Boost)  
  167  10:47  Zealot x10  
  197  10:55  Zealot  
  197  10:56  Zealot  
  181  11:09  Zealot  
  181  11:10  Zealot x9, Observer  
  185  11:27  High Templar  
  179  11:39  Zealot x4  
Show
View Real Time Build Order
Export as new Build Order

ZincZeppelin Terran 

Build Orders:  

Get SALT Encoding   

  12  0:00  SCV  
  13  0:12  SCV  
  14  0:17  Supply Depot  
  14  0:25  SCV  
  15  0:39  SCV  
  15  0:40  Barracks  
  16  0:44  Refinery  
  16  0:51  SCV  
  17  1:03  SCV  
  18  1:15  SCV  
  19  1:27  Orbital Command  
  19  1:30  Marine  
  20  1:45  Command Center  
  20  1:49  Bunker  
  20  1:53  SCV  
  21  1:56  Marine  
  22  2:06  Factory  
  22  2:10  SCV  
  23  2:19  Supply Depot  
  23  2:22  Barracks Reactor  
  23  2:29  Refinery  
  23  2:41  SCV  
  24  2:50  Hellion  
  26  2:51  Starport  
  26  2:53  SCV  
  27  2:58  Orbital Command  
  27  3:01  Marine  
  27  3:04  Marine  
  27  3:05  SCV  
  30  3:11  Widow Mine  
  32  3:18  SCV, Supply Depot  
  33  3:20  Marine  
  33  3:23  Marine  
  33  3:26  SCV  
  36  3:31  SCV  
  37  3:50  SCV x2  
  37  3:52  Medivac, Widow Mine  
  41  3:57  Engineering Bay  
  41  3:58  Engineering Bay  
  41  4:02  SCV x2  
  43  4:10  Barracks  
  43  4:11  Barracks  
  43  4:14  SCV x2  
  45  4:18  Marine x2  
  45  4:20  Factory Tech Lab  
  47  4:25  Starport Reactor  
  47  4:26  SCV  
  48  4:32  SCV  
  48  4:36  Marine x2, Supply Depot  
  48  4:37  Supply Depot  
  48  4:38  SCV  
  52  4:40  Terran Infantry Weapons Level 1  
  52  4:42  Terran Infantry Armor Level 1  
  52  4:49  SCV  
  52  4:50  SCV  
  54  4:57  Siege Tank  
  54  4:58  Barracks Tech Lab  
  54  4:59  Barracks Tech Lab  
  57  5:01  SCV  
  54  5:09  Marine x2  
  54  5:10  Medivac  
  54  5:11  SCV  
  54  5:13  SCV  
  58  5:18  Refinery  
  58  5:19  Refinery  
  58  5:23  Command Center  
  58  5:24  SCV  
  58  5:26  Stimpack  
  58  5:27  SCV  
  60  5:29  Marauder, Marine  
  63  5:38  SCV  
  63  5:40  Combat Shield  
  64  5:44  SCV  
  64  5:47  Marauder, Marine x2  
  69  5:50  SCV  
  70  6:07  SCV  
  70  6:08  SCV  
  70  6:10  Marine, Supply Depot  
  70  6:12  Supply Depot x2  
  70  6:14  Marine  
  70  6:25  Supply Depot  
  70  6:26  Supply Depot  
  70  6:29  Armory  
  70  6:32  Siege Tank, SCV x2, Marine, Marauder  
  78  6:34  Marauder  
  80  6:44  SCV x2  
  79  6:55  Marauder x2, Marine x2  
  85  7:03  SCV  
  85  7:04  Siege Tank  
  89  7:11  Planetary Fortress  
  89  7:13  Marine x2  
  91  7:16  Marauder, Missile Turret, Terran Infantry Weapons Level 2  
  91  7:17  Marauder  
  95  7:22  Terran Infantry Armor Level 2  
  95  7:27  SCV x2  
  97  7:30  Marine, Concussive Shells  
  97  7:31  Marine  
  97  7:36  Refinery  
  99  7:37  Refinery  
  99  7:38  Marauder x2  
  99  7:39  SCV x2  
  99  7:40  Terran Vehicle Weapons Level 1  
  105  7:48  Marine x2, Medivac  
  109  7:59  Marauder, Marine  
  109  8:03  SCV, Supply Depot  
  109  8:04  Supply Depot  
  113  8:06  Marine x2, Supply Depot  
  115  8:17  Marine  
  107  8:20  Marine  
  107  8:24  Marine x2  
  110  8:28  Drilling Claws, Barracks x2  
  110  8:30  Factory  
  110  8:35  Marauder  
  110  8:38  Marauder  
  114  8:42  Marine x2  
  114  8:43  Ghost Academy, Missile Turret  
  114  8:47  Widow Mine  
  118  8:56  Supply Depot  
  118  8:57  Marauder, Supply Depot  
  118  9:00  Marauder, Marine x2  
  124  9:04  Medivac x2  
  124  9:06  Command Center  
  124  9:09  Supply Depot  
  128  9:15  Factory Reactor  
  128  9:16  Widow Mine  
  130  9:17  Marine  
  130  9:18  Marauder, Marine  
  130  9:20  Barracks Reactor, Barracks Tech Lab  
  130  9:21  Marauder  
  126  9:35  Marine x2  
  126  9:37  Widow Mine  
  130  9:39  Marine  
  130  9:40  Medivac x2  
  130  9:42  Marine  
  130  9:43  Marauder  
  134  9:53  Marine x2  
  134  9:57  Marauder, Marine x2  
  134  9:59  Widow Mine x2  
  138  10:00  Marauder  
  138  10:03  Widow Mine  
  138  10:04  SCV, Marauder  
  145  10:11  Marine x2  
  147  10:14  Marine  
  147  10:15  Marine  
  147  10:19  Marauder, Enhanced Shockwaves  
  147  10:20  Widow Mine  
  153  10:21  Marauder  
  153  10:25  Marauder  
  153  10:26  Medivac  
  159  10:29  Marine  
  160  10:39  Marine x3, Widow Mine x2  
  160  10:40  Marauder  
  160  10:42  Widow Mine  
  171  10:43  Marauder  
  171  10:46  Marine  
  171  10:47  Marauder  
  172  10:57  Marine x3  
  172  11:01  Ghost  
  163  11:04  Marauder, Marine  
  163  11:08  Marauder  
  145  11:15  Marine x3  
  144  11:22  Marine  
Tags
 
Add a new tag
Caveats
  • Supply blocks, unpowered buildings, or Contaminate may cause inaccurate times.
  • Supply counts are checked every 10 seconds.